Match 38779739
Unlisted

Match 38779739
End
Selects Armored Battlegroup
Selects Assault Engineers
Assault Engineer Squad
Assault Engineer Squad
Construct Weapon Support Center
Construct Weapon Support Center
Bazooka Squad
Bazooka Squad
Assault Engineer Squad
Air Support Center
Construct Medical Station
Double Sortie
Selects Fast Deploy
P-47 Strafing Run
M3 Armored Personnel Carrier
Selects M8 Scott SPG
Selects UNKNOWN (2160077)
Construct Tank Depot
M1919 Machine Gun Team
Grasshopper Recon Run
P-47 Dive Bomb
M4A3E8 Sherman Easy Eight
Selects Field Repairs
Selects M31 Recovery Vehicle
Grasshopper Recon Run
P-47 Strafing Run
M4A3E8 Sherman Easy Eight
Assault Engineer Squad
P-47 Strafing Run
Selects War Machine
Assault Engineer Squad
Bazooka Squad
Bazooka Squad
P-47 Dive Bomb
P-47 Strafing Run
M4A3E8 Sherman Easy Eight
Assault Engineer Squad
P-47 Dive Bomb
Improved M9 Bazooka Rockets
Assault Engineer Squad
M18 Hellcat Tank Destroyer
M18 Hellcat Tank Destroyer
P-47 Strafing Run
Assault Engineer Squad
Assault Engineer Squad
M4(105) Sherman Bulldozer
P-47 Strafing Run
M18 Hellcat Tank Destroyer
P-47 Dive Bomb
Epicdeath
BIOHAZARD
=BIA=Daghito
Sauzer88
Jager
Der Paul
BrazzersUser69
Pete(DropDead)
0
0

Comments sign in to comment!

No comments posted yet!